 Dungeon Crawl Stone Soup version 0.30-a0-451-ge042605de7 (webtiles) character file.

Game seed: 7731391207315532013

1513 Angani the Fighter (level 8, -3/74 HPs)
             Began as a Purple Draconian Reaver on Dec 11, 2022.
             Was an Initiate of Sif Muna.
             Slain by a gnoll
             ... wielding a +0 halberd
             ... led by a gnoll bouda
              (8 damage)
             ... on level 7 of the Dungeon.
             The game lasted 00:13:12 (6139 turns).

Angani the Fighter (Purple Draconian Reaver)        Turns: 6139, Time: 00:13:13

Health: -3/74      AC: 10    Str: 25    XL:     8   Next: 53%
Magic:  11/11      EV: 12    Int: 15    God:    Sif Muna [......]
Gold:   99         SH:  0    Dex: 10    Spells: 10/11 levels left

rFire   . . .      SeeInvis .    p - +7 morningstar of Iweatwik {vorpal, *Slow rElec rC+ Str+4}
rCold   + . .      Faith    .    (no shield)
rNeg    . . .      Spirit   .    (body armour unavailable)
rPois   .          Reflect  .    (helmet restricted)
rElec   +          Harm     .    (no cloak)
rCorr   .          Rampage  .    (no gloves)
Will    +....                    (no boots)
Stlth   +.........               c - amulet of magic regeneration
HPRegen 0.32/turn                q - +6 ring of strength
MPRegen 0.52/turn                o - +4 ring of protection

@: slowed, very slow
A: breathe power, AC +6, unfitting armour, cold-blooded
a: Breathe Dispelling Energy, Renounce Religion


You were on level 7 of the Dungeon.
You worshipped Sif Muna.
Sif Muna was noncommittal.
You visited 1 branch of the dungeon, and saw 7 of its levels.

You collected 360 gold pieces.
You spent 261 gold pieces at shops.

Inventory:

Hand Weapons
 a - a +0 short sword
 p - the +7 morningstar of Iweatwik (weapon) {vorpal, *Slow rElec rC+ Str+4}
   (You bought it in a shop on level 1 of the Dungeon)

   It inflicts extra damage upon your enemies.
   Str:       It affects your strength (+4).
   rC:        It protects you from cold.
   rElec:     It insulates you from electricity.
   *Slow:     It may slow you when you take damage.
Armour
 v - an orb of wrath
Jewellery
 c - an amulet of magic regeneration (around neck)
 f - a ring of protection from fire
 k - a ring of protection from fire
 o - a +4 ring of protection (right hand)
 q - a +6 ring of strength (left hand)
 s - a ring of fire
 A - a ring of flight
Wands
 t - a wand of acid (4)
 w - a wand of flame (9)
 y - a wand of charming (8)
Scrolls
 d - a scroll of fear
 e - a scroll of vulnerability
 h - 3 scrolls of teleportation
 i - 5 scrolls of amnesia
 j - a scroll of enchant armour
 l - 2 scrolls of immolation {unknown}
 n - 4 scrolls of magic mapping
 r - 3 scrolls of blinking {unknown}
 u - a scroll of acquirement {unknown}
Potions
 b - 2 potions of haste
 g - 2 potions of heal wounds
 m - a potion of brilliance
 x - a potion of might
 z - a potion of mutation {unknown}


   Skills:
 - Level 8.0 Fighting
 - Level 3.0 Short Blades
 + Level 6.8 Maces & Flails
 - Level 1.7 Dodging
 - Level 2.4 Spellcasting
 - Level 3.0 Conjurations
 + Level 4.2 Invocations


You had 10 spell levels left.
You knew the following spells:

 Your Spells              Type           Power      Damage    Failure   Level
a - Kiss of Death         Conj/Necr      24%        2d7       12%         1

Your spell library contained the following spells:

 Spells                   Type           Power      Damage    Failure   Level
 Momentum Strike          Conj/Tloc      12%        3d8       17%         2
 Hailstorm                Conj/Ice       6%         3d4       34%         3


Dungeon Overview and Level Annotations

Branches:
Dungeon (7/15)             Temple (0/1) D:7

Altars:
Sif Muna
Trog
Vehumet

Shops:
D:1 (   D:7 [


Innate Abilities, Weirdness & Mutations

You can breathe bolts of dispelling energy.
Your rich purple scales are hard. (AC +6)
You cannot fit into any form of body armour.
You are cold-blooded and may be slowed by cold attacks.


Message History

The gnoll is no longer moving quickly.
The gnoll hits you from afar with a +0 halberd.
The gnoll bouda barks out a call to the hunt!
The gnolls pick up the pace!
You puncture the gnoll bouda!
The gnoll bouda is moderately wounded.
The gnoll closely misses you.
The gnoll bouda hits you but does no damage.
You barely miss the gnoll bouda.
The gnoll bouda is moderately wounded.
The gnoll closely misses you. The gnoll bouda closely misses you.
The gnoll hits you from afar with a +0 halberd.
You barely miss the gnoll bouda.
The gnoll bouda is moderately wounded.
The gnoll bouda hits you with a +0 whip.
The gnoll barely misses you.
The gnoll bouda hits you with a +0 whip!
* * * LOW HITPOINT WARNING * * *
You sock the gnoll bouda!
You kill the gnoll bouda!
Sif Muna accepts your kill. The gnoll barely misses you.
The gnoll hits you with a +0 flail.
* * * LOW HITPOINT WARNING * * *
You closely miss the gnoll.
You tail-slap the gnoll, but do no damage.
The gnoll barely misses you. x2
You barely miss the gnoll. The gnoll closely misses you.
The gnoll hits you with a +0 flail.
* * * LOW HITPOINT WARNING * * *
You feel yourself slow down.
You closely miss the gnoll. You tail-slap the gnoll.
The gnoll is lightly wounded.
The gnoll misses you. The gnoll hits you with a +0 flail!
* * * LOW HITPOINT WARNING * * *
The gnoll misses you. The gnoll barely misses you.
You thump the gnoll!
You kill the gnoll!
Sif Muna accepts your kill.
The gnoll hits you from afar with a +0 halberd!
You die...

#. #.....# #..
#)....#
#..#######.)⌠..##
#...............#
#....g..(⌠.>.⌠.#
###...###......#
#...###..⌠...#
#..g##.......#
+...)@....##...
#...###.#+# ###
#..........
####'#........
##..+∩+..........
#...#'######.....
#..........(.####
#.....######.#
#### #.....#


You could see a gnoll (swift).

Vanquished Creatures
  A water moccasin (D:6)
  An ice beast (D:6)
  A black bear (D:5)
  4 ogres
  A gnoll sergeant (D:6)
  2 scorpions
  5 wights (D:3)
  A gnoll bouda (D:7)
  An orc priest (D:5)
  2 hounds (D:6)
  4 orc wizards
  2 iguanas (D:4)
  3 adders
  7 gnolls
  A white imp (D:5)
  A worm (D:2)
  4 dart slugs
  18 orcs
  6 ball pythons
  3 bats
  11 endoplasms
  2 giant cockroaches (D:4)
  7 hobgoblins
  4 kobolds
  A quokka (D:4)
  A frilled lizard (D:1)
  2 rats
96 creatures vanquished.

Notes
Turn   | Place    | Note
-------+----------+-------------------------------------------
     0 | D:1      | Angani the Draconian Reaver began the quest for the Orb.
     0 | D:1      | Reached XP level 1. HP: 17/17 MP: 3/3
    21 | D:1      | Found Dayk's Antique Weapon Boutique.
   189 | D:1      | Reached skill level 3 in Fighting
   189 | D:1      | Reached XP level 2. HP: 14/26 MP: 5/5
  1125 | D:2      | Reached XP level 3. HP: 21/33 MP: 6/6
  1202 | D:2      | Reached skill level 4 in Fighting
  1812 | D:3      | Noticed a wight
  1834 | D:3      | Killed a wight
  1835 | D:3      | Reached skill level 5 in Fighting
  1835 | D:3      | Reached XP level 4. HP: 18/42 MP: 7/7
  2069 | D:3      | Reached XP level 5. HP: 26/50 MP: 8/8
  2074 | D:3      | Reached skill level 6 in Fighting
  2402 | D:4      | Noticed an ogre
  2438 | D:4      | Killed an ogre
  2439 | D:4      | Reached skill level 7 in Fighting
  2439 | D:4      | Reached XP level 6. HP: 52/60 MP: 9/9
  3486 | D:5      | Entered Level 5 of the Dungeon
  3524 | D:3      | You fall into a shaft and drop 3 floors!
  3618 | D:6      | Noticed a sky beast
  3971 | D:1      | Bought a bone morningstar for 261 gold pieces
  3971 | D:1      | Identified the +7 morningstar of Iweatwik {vorpal, *Slow
                  | rElec rC+ Str+4} (You bought it in a shop on level 1 of the
                  | Dungeon)
  4056 | D:3      | Reached skill level 8 in Fighting
  4056 | D:3      | Reached skill level 1 in Maces & Flails
  4093 | D:3      | Your scales start taking on a rich purple colour.
  4093 | D:3      | Reached XP level 7. HP: 68/68 MP: 10/10
  4928 | D:5      | Reached skill level 5 in Maces & Flails
  4957 | D:5      | Found a shimmering blue altar of Sif Muna.
  5095 | D:5      | Became a worshipper of Sif Muna the Loreminder
  5464 | D:6      | Reached skill level 1 in Invocations
  5464 | D:6      | Reached XP level 8. HP: 68/74 MP: 11/11
  5878 | D:6      | Found a bloodstained altar of Trog.
  5878 | D:6      | Found a radiant altar of Vehumet.
  6096 | D:7      | Found Utwoabluf's Antique Armour Emporium.
  6104 | D:7      | Found a staircase to the Ecumenical Temple.
  6139 | D:7      | Slain by a gnoll

Illustrated notes

Levels and vault maps discovered:
D:1:      ncdulo_smallfort, layout_loops_ring, serial_shops, shop,
          corexii_leaking_fountain
D:2:      layout_loops_ring
D:3:      layout_rooms, serial_rivers, chequers_serial_rivers_micro_a,
          chequers_serial_rivers_micro_c, chequers_serial_rivers_small_b,
          chequers_serial_rivers_micro_e, chequers_serial_rivers_micro_b
D:4:      layout_layer_cave, hangedman_decor_riveting, minmay_tree_intersection
D:5:      layout_layer_cave, tgw_sif
D:6:      wander_river, layout_loops_ring, nicolae_overflow_two_pavilions
D:7:      layout_basic, temple_fountains, serial_shops, kennysheep_mini

Skill      XL: |  1  2  3  4  5  6  7  8 |
---------------+-------------------------+-----
Fighting       | 3 5 7 8 |  8.0
Maces & Flails | 2 5 6 |  6.8
Invocations    | 1 4 |  4.2
Short Blades   | |  3.0
Dodging        | |  1.7
Spellcasting   | |  2.4
Conjurations   | |  3.0

Action                   |  1- 3 |  4- 6 |  7- 9 || total
-------------------------+-------+-------+-------++-------
Melee: Short sword       |   172 |   189 |       ||   361
       Tailslap          |    29 |    33 |     9 ||    71
       Punch             |     2 |     7 |     1 ||    10
       Morningstar       |       |     3 |    75 ||    78
 Abil: Breathe Dispellin |       |       |     2 ||     2
Evoke: Wand              |       |       |     4 ||     4
  Use: Potion            |     4 |     7 |       ||    11
       Scroll            |       |     7 |     1 ||     8
 Stab: Sleeping          |     1 |     1 |     1 ||     3
       Distracted        |       |     1 |       ||     1
Armor: Skin              |    51 |    54 |    28 ||   133
Dodge: Dodged            |    91 |   109 |    64 ||   264

Table legend: (Time is in decaauts)
 A = Elapsed time spent in this place.
 B = Non-inter-level travel time spent in this place.
 C = Inter-level travel time spent in this place.
 D = Time resting spent in this place.
 E = Time spent auto-exploring this place.
 F = Levels seen in this place.
 G = Mean time per level.
                   A        B        C        D        E       F      G
               +--------+--------+--------+--------+--------+-----+--------+
         Total |   6108 |   5823 |    285 |    691 |   3970 |   7 |  872.6 |
       Dungeon |   6108 |   5823 |    285 |    691 |   3970 |   7 |  872.6 |
               +--------+--------+--------+--------+--------+-----+--------+

Top non-repeatable levels by time:
     D:4: 1305 daAuts
     D:5: 1116 daAuts
     D:3: 939 daAuts
     D:6: 908 daAuts
     D:1: 903 daAuts
     D:2: 826 daAuts
     D:7: 108 daAuts
